Anaheim Ducks vs San Jose Sharks
Created - Wednesday, April 23, 2025 at 07:35
Goals
|
| Anaheim Ducks |
0 |
1 |
0 |
1 |
| San Jose Sharks |
2 |
0 |
2 |
4 |
|
Shots
|
| Anaheim Ducks |
6 |
14 |
12 |
32 |
| San Jose Sharks |
13 |
7 |
16 |
36 |
|
1st period
1. San Jose Sharks , Yegor Sharangovich 20 (Kevin Fiala 35, Adam Henrique 32) at 5:30
2. San Jose Sharks , Kevin Fiala 26 (Yegor Sharangovich 33, Marcus Pettersson 15) at 8:43 (PP)
Penalties :
Joshua Morrissey (ANA) for Delaying the game (Minor) at 0:44, Joshua Morrissey (ANA) for Roughing (Minor) at 8:07, Nazem Kadri (ANA) for Hooking (Minor) at 13:52
2nd period
3. Anaheim Ducks , Chandler Stephenson 11 (J.T. Compher 14) at 16:45
Penalties :
Max Domi (SJS) for Fighting (Major) at 9:58, Morgan Rielly (ANA) for Fighting (Major) at 9:58, T.J. Oshie (SJS) for Hooking (Minor) at 10:48
3rd period
4. San Jose Sharks , Jonathan Drouin 21 (Matthew Knies 10) at 2:31
5. San Jose Sharks , T.J. Oshie 20 (Max Domi 24, Brandon Tanev 14) at 5:03
Penalties :
Joshua Morrissey (ANA) for Hooking (Minor) at 5:06, Connor Murphy (SJS) for Interference (Minor) at 16:28
Goalie Stats
Linus Ullmark (ANA), 32 saves from 36 shots - (0.889), L, 27-18-2, 60:00 minutes
Stuart Skinner (SJS), 31 saves from 32 shots - (0.969), W, 25-10-3, 60:00 minutes
Players Stats for Anaheim Ducks
Player Name G A P +/- PIM S H SB GA TA FO MP PP MP PK MP
------------------------------------------------------------------------------------
Alex Killorn 0 0 0 1 0 1 2 1 1 0 0/1 14:53 2:16 2:02
Alexandre Texier 0 0 0 0 0 0 0 0 0 0 0/2 11:25 0:00 0:58
Alexey Toropchenko 0 0 0 0 0 1 2 0 0 0 0/1 10:27 0:00 0:00
Brayden Schenn 0 0 0 -3 0 3 1 2 1 0 0/0 16:56 1:42 3:39
Brenden Dillon 0 0 0 -1 0 1 1 1 0 1 0/0 16:43 1:03 2:48
Chandler Stephenson 1 0 1 1 0 2 1 0 0 0 3/4 12:37 0:00 2:02
Esa Lindell 0 0 0 0 0 0 1 2 0 1 0/0 25:33 0:00 4:05
Ivan Provorov 0 0 0 -1 0 1 0 1 0 1 0/0 21:59 2:20 4:10
J.T. Compher 0 1 1 1 0 0 2 1 2 0 2/5 14:37 0:00 3:39
Jakob Chychrun 0 0 0 -1 0 0 0 1 0 0 0/0 15:31 1:38 1:07
John Tavares 0 0 0 0 0 3 1 2 0 0 2/5 19:24 1:42 0:46
Joshua Morrissey 0 0 0 0 6 3 3 2 1 0 0/0 24:14 1:38 0:56
Luke Evangelista 0 0 0 0 0 4 0 0 1 0 0/0 10:27 0:00 0:00
Mark Scheifele 0 0 0 -3 0 3 0 0 1 0 10/24 13:20 2:16 0:00
Mason Marchment 0 0 0 -3 0 1 1 1 0 0 0/0 11:04 0:00 0:00
Morgan Rielly 0 0 0 -1 5 0 1 1 0 0 0/0 16:22 1:17 0:00
Nazem Kadri 0 0 0 0 2 4 0 0 0 0 14/24 19:12 2:16 0:00
William Nylander 0 0 0 0 0 5 1 3 4 1 1/3 18:38 1:42 0:00
Players Stats for San Jose Sharks
Player Name G A P +/- PIM S H SB GA TA FO MP PP MP PK MP
------------------------------------------------------------------------------------
Adam Henrique 0 1 1 1 0 1 3 0 0 0 13/23 19:27 3:21 1:58
Alec Martinez 0 0 0 3 0 1 0 3 0 3 0/0 14:10 0:00 1:07
Brandon Tanev 0 1 1 1 0 2 0 2 0 2 0/0 11:39 0:01 0:14
Christopher Tanev 0 0 0 -1 0 1 1 0 0 2 0/0 20:15 3:10 1:33
Connor Murphy 0 0 0 0 2 0 0 2 0 2 0/0 25:37 3:23 1:18
Dmitry Orlov 0 0 0 3 0 0 1 0 0 0 0/0 13:03 0:00 0:00
Eeli Tolvanen 0 0 0 -1 0 1 0 0 0 0 0/0 9:38 0:00 0:00
Ilya Mikheyev 0 0 0 -1 0 3 0 0 0 0 0/1 10:15 0:01 0:00
Jonathan Drouin 1 0 1 1 0 5 1 0 0 0 0/0 17:30 3:11 0:00
Kevin Fiala 1 1 2 1 0 8 1 0 0 0 2/4 19:27 3:21 1:58
Marcus Pettersson 0 1 1 0 0 2 2 1 2 1 0/0 26:42 3:23 2:25
Matthew Knies 0 1 1 1 0 1 0 0 1 0 0/0 17:30 3:11 0:00
Max Domi 0 1 1 1 5 2 2 0 0 0 5/14 10:47 0:00 0:00
Noel Acciari 0 0 0 -1 0 0 1 1 0 0 3/4 9:38 0:00 0:00
Ryan Johansen 0 0 0 1 0 0 2 1 0 0 14/22 19:16 3:11 1:46
Sean Durzi 0 0 0 -1 0 1 2 1 0 1 0/0 20:15 3:10 1:33
T.J. Oshie 1 0 1 1 2 5 2 0 1 0 0/1 12:32 0:01 0:00
Yegor Sharangovich 1 1 2 1 0 3 0 1 0 0 0/0 18:18 3:21 2:00
3 Stars
1 - Stuart Skinner (SJS)
2 - Kevin Fiala (SJS)
3 - Yegor Sharangovich (SJS)
Power Play
Anaheim Ducks - 0 on 2 Attempt(s) - 0.00%
San Jose Sharks - 1 on 4 Attempt(s) - 25.00%
Penalty Kill
Anaheim Ducks - 3 on 4 Attempt(s) - 75.00%
- Score 0 goal in Penalty Kill
San Jose Sharks - 2 on 2 Attempt(s) - 100.00%
- Score 0 goal in Penalty Kill
Team Stat
Anaheim Ducks - Hits : 17 - Faceoff Wins : 32 - Blocked Shots : 18 - Penalty Minutes : 13
San Jose Sharks - Hits : 18 - Faceoff Wins : 37 - Blocked Shots : 12 - Penalty Minutes : 9
Official
Referees : Kyle Rehman and Chris Schlenker
Linesman : Justin Johnson and Jesse Marquis
Game Notes
Morgan Rielly beats up Max Domi at 9:58 of 2nd period
5:03 of 3rd period - San Jose Sharks goal is going for a video replay. After video review, Goal.
Finance
Level 1 -- Attendance: 4697 (78.28%) -- Ticket Income $455,609
Level 2 -- Attendance: 5000 (100.00%) -- Ticket Income $285,000
Level 3 -- Attendance: 2876 (95.87%) -- Ticket Income $94,908
Level 4 -- Attendance: 4750 (95.00%) -- Ticket Income $104,500
Luxury Box -- Attendance: 1000 (100.00%) -- Ticket Income $193,000
Game was played at the SAP Center at San Jose.
Total Attendance: 18323 (91.62%)
Total Ticket Income: $1,133,017
Other Income: $396,556
Total Income: $1,529,573
Anaheim Ducks
5 vs 5 Forward
Center Left Wing Right Wing Time % Phy DF OF
1 Nazem Kadri John Tavares William Nylander 40 1 2 2
2 Mark Scheifele Brayden Schenn Mason Marchment 30 1 2 2
3 Chandler Stephenson J.T. Compher Alex Killorn 20 1 2 2
4 Alexandre Texier Alexey Toropchenko Luke Evangelista 10 1 2 2
5 vs 5 Defense
Defense Defense Time % Phy DF OF
1 Esa Lindell Joshua Morrissey 40 1 2 2
2 Ivan Provorov Morgan Rielly 35 1 2 2
3 Brenden Dillon Jakob Chychrun 25 1 2 2
4 Esa Lindell Ivan Provorov 0 1 2 2
PowerPlay Forward
Center Left Wing Right Wing Time % Phy DF OF
1 John Tavares Brayden Schenn William Nylander 60 1 1 3
2 Nazem Kadri Alex Killorn Mark Scheifele 40 1 1 3
PowerPlay Defense
Defense Defense Time % Phy DF OF
1 Jakob Chychrun Joshua Morrissey 60 1 1 3
2 Ivan Provorov Morgan Rielly 40 1 2 2
Penalty Kill 4 Players Forward
Center Wing Time % Phy DF OF
1 J.T. Compher Brayden Schenn 60 1 3 1
2 Chandler Stephenson Alex Killorn 40 1 3 1
Penalty Kill 4 Players Defense
Defense Defense Time % Phy DF OF
1 Esa Lindell Ivan Provorov 60 1 3 1
2 Joshua Morrissey Brenden Dillon 40 1 3 1
Penalty Kill - 3 Players Forward
Forward Time % Phy DF OF
1 J.T. Compher 60 1 4 0
2 Brayden Schenn 40 1 4 0
Penalty Kill - 3 Players Defense
Defense Defense Time % Phy DF OF
1 Esa Lindell Ivan Provorov 60 1 4 0
2 Joshua Morrissey Brenden Dillon 40 1 4 0
4 vs 4 Forward
Center Wing Time % Phy DF OF
1 Mark Scheifele William Nylander 60 1 2 2
2 Nazem Kadri John Tavares 40 1 2 2
4 vs 4 Defense
Defense Defense Time % Phy DF OF
1 Esa Lindell Joshua Morrissey 60 1 2 2
2 Morgan Rielly Ivan Provorov 40 1 2 2
Last Minutes Offensive
Center Left Wing Right Wing Defense Defense
Nazem Kadri John Tavares William Nylander Joshua Morrissey Morgan Rielly
Last Minutes Defensive
Center Left Wing Right Wing Defense Defense
J.T. Compher Alex Killorn Brayden Schenn Ivan Provorov Esa Lindell
Goaltenders
Starting : Linus Ullmark
Backup : James Reimer
Extra Forwards
Normal : William Nylander, John Tavares, Brayden Schenn - PP : Nazem Kadri, William Nylander - PK : J.T. Compher
Extra Defensemen
Normal : Esa Lindell, Morgan Rielly, Brenden Dillon - PP : Joshua Morrissey - PK : Esa Lindell, Ivan Provorov
Penalty Shots
Alexandre Texier, Brenden Dillon, Mark Scheifele, John Tavares, Brayden Schenn
Scratches
Josh Manson (Healthy)
San Jose Sharks
5 vs 5 Forward
Center Left Wing Right Wing Time % Phy DF OF
1 Adam Henrique Kevin Fiala Yegor Sharangovich 30 1 2 2
2 Ryan Johansen Matthew Knies Jonathan Drouin 30 1 2 2
3 Max Domi Brandon Tanev T.J. Oshie 25 1 2 2
4 Noel Acciari Eeli Tolvanen Ilya Mikheyev 15 1 2 2
5 vs 5 Defense
Defense Defense Time % Phy DF OF
1 Marcus Pettersson Connor Murphy 30 1 2 2
2 Christopher Tanev Sean Durzi 30 1 2 2
3 Dmitry Orlov Alec Martinez 25 1 2 2
4 Marcus Pettersson Connor Murphy 15 1 2 2
PowerPlay Forward
Center Left Wing Right Wing Time % Phy DF OF
1 Adam Henrique Kevin Fiala Yegor Sharangovich 50 1 2 2
2 Ryan Johansen Matthew Knies Jonathan Drouin 50 1 2 2
PowerPlay Defense
Defense Defense Time % Phy DF OF
1 Marcus Pettersson Connor Murphy 50 1 2 2
2 Christopher Tanev Sean Durzi 50 1 2 2
Penalty Kill 4 Players Forward
Center Wing Time % Phy DF OF
1 Adam Henrique Kevin Fiala 50 1 2 2
2 Ryan Johansen Yegor Sharangovich 50 1 2 2
Penalty Kill 4 Players Defense
Defense Defense Time % Phy DF OF
1 Marcus Pettersson Connor Murphy 50 1 2 2
2 Christopher Tanev Sean Durzi 50 1 2 2
Penalty Kill - 3 Players Forward
Forward Time % Phy DF OF
1 Adam Henrique 50 1 2 2
2 Noel Acciari 50 1 2 2
Penalty Kill - 3 Players Defense
Defense Defense Time % Phy DF OF
1 Marcus Pettersson Connor Murphy 50 1 2 2
2 Christopher Tanev Sean Durzi 50 1 2 2
4 vs 4 Forward
Center Wing Time % Phy DF OF
1 Adam Henrique Kevin Fiala 50 1 2 2
2 Ryan Johansen Yegor Sharangovich 50 1 2 2
4 vs 4 Defense
Defense Defense Time % Phy DF OF
1 Marcus Pettersson Connor Murphy 50 1 2 2
2 Christopher Tanev Sean Durzi 50 1 2 2
Last Minutes Offensive
Center Left Wing Right Wing Defense Defense
Adam Henrique Kevin Fiala Yegor Sharangovich Marcus Pettersson Connor Murphy
Last Minutes Defensive
Center Left Wing Right Wing Defense Defense
Adam Henrique Kevin Fiala Yegor Sharangovich Marcus Pettersson Connor Murphy
Goaltenders
Starting : Stuart Skinner
Backup : Tristan Jarry
Extra Forwards
Normal : Ilya Mikheyev, Ryan Johansen, Brandon Tanev - PP : Ilya Mikheyev, Ryan Johansen - PK : Brandon Tanev
Extra Defensemen
Normal : Dmitry Orlov, Alec Martinez, Christopher Tanev - PP : Dmitry Orlov - PK : Alec Martinez, Christopher Tanev
Penalty Shots
Adam Henrique, Kevin Fiala, Yegor Sharangovich, Jonathan Drouin, T.J. Oshie
Scratches
Kasperi Kapanen (Healthy), Calle Jarnkrok (Healthy), Nick Perbix (Healthy), Clay Stevenson (Healthy)
% Time on Ice - Anaheim Ducks
Lines # - Real PCT - Wanted PCT - Time Play
Normal Forward
1 - 35% - 40% - 17:23
2 - 22% - 30% - 11:08
3 - 21% - 20% - 10:31
4 - 21% - 10% - 10:27
Normal Defense
1 - 42% - 40% - 20:33
2 - 35% - 35% - 17:15
3 - 24% - 25% - 11:41
4 - 0% - 0% - 0:00
PP Forward
1 - 43% - 60% - 1:42
2 - 57% - 40% - 2:16
PP Defense
1 - 41% - 60% - 1:38
2 - 59% - 40% - 2:20
PK Forward
1 - 69% - 60% - 4:31
2 - 31% - 40% - 2:02
PK Defense
1 - 50% - 60% - 3:15
2 - 50% - 40% - 3:18
PK3 Forward
1 - 0% - 60%
2 - 0% - 40%
PK3 Defense
1 - 0% - 60%
2 - 0% - 40%
44 Forward
1 - 0% - 60%
2 - 0% - 40%
44 Defense
1 - 0% - 60%
2 - 0% - 40%
Last Minute Offensive - 0:00
Last Minute Defensive - 0:00
Total
Forward - 60:00
Defense - 60:00
|
% Time on Ice - San Jose Sharks
Lines # - Real PCT - Wanted PCT - Time Play
Normal Forward
1 - 29% - 30% - 14:08
2 - 29% - 30% - 14:21
3 - 23% - 25% - 11:22
4 - 19% - 15% - 9:38
Normal Defense
1 - 30% - 30% - 14:44
2 - 31% - 30% - 15:32
3 - 26% - 25% - 13:03
4 - 12% - 15% - 6:10
PP Forward
1 - 51% - 50% - 3:21
2 - 49% - 50% - 3:12
PP Defense
1 - 52% - 50% - 3:23
2 - 48% - 50% - 3:10
PK Forward
1 - 50% - 50% - 1:58
2 - 50% - 50% - 2:00
PK Defense
1 - 61% - 50% - 2:25
2 - 39% - 50% - 1:33
PK3 Forward
1 - 0% - 50%
2 - 0% - 50%
PK3 Defense
1 - 0% - 50%
2 - 0% - 50%
44 Forward
1 - 0% - 50%
2 - 0% - 50%
44 Defense
1 - 0% - 50%
2 - 0% - 50%
Last Minute Offensive - 0:00
Last Minute Defensive - 0:00
Total
Forward - 60:00
Defense - 60:00
|
Play-by-Play
1st period
0:01 of 1st period - Nazem Kadri wins face-off versus Adam Henrique in neutral zone.
0:07 of 1st period - Off-side.
0:08 of 1st period - Nazem Kadri wins face-off versus Adam Henrique in neutral zone.
0:17 of 1st period - Wrist shot by John Tavares.
0:17 of 1st period - Stopped by Stuart Skinner with a rebound.
0:31 of 1st period - Snap shot by William Nylander.
0:31 of 1st period - Shot Misses the Net.
0:33 of 1st period - Wrist shot by John Tavares.
0:33 of 1st period - Shot Misses the Net.
0:37 of 1st period - Snap shot by William Nylander.
0:37 of 1st period - Stopped by Stuart Skinner with a rebound.
0:44 of 1st period - Minor Penalty to Joshua Morrissey for Delaying the game.
0:45 of 1st period - Adam Henrique wins face-off versus J.T. Compher in Anaheim Ducks zone.
0:51 of 1st period - Wrist shot by Kevin Fiala.
0:51 of 1st period - Stopped by Linus Ullmark without a rebound.
0:52 of 1st period - J.T. Compher wins face-off versus Kevin Fiala in Anaheim Ducks zone.
2:04 of 1st period - Connor Murphy is hit by Esa Lindell and loses puck.
2:44 of 1st period - Penalty to Joshua Morrissey is over, Joshua Morrissey is back on ice.
3:05 of 1st period - William Nylander is hit by T.J. Oshie and loses puck.
3:52 of 1st period - Brandon Tanev is hit by Morgan Rielly and loses puck.
4:47 of 1st period - Icing by J.T. Compher.
4:48 of 1st period - Chandler Stephenson wins face-off versus Max Domi in Anaheim Ducks zone.
5:11 of 1st period - Wrist shot by Jonathan Drouin.
5:11 of 1st period - Deflect By Joshua Morrissey.
5:11 of 1st period - Stopped by Linus Ullmark without a rebound.
5:12 of 1st period - Mark Scheifele wins face-off versus Ryan Johansen in Anaheim Ducks zone.
5:14 of 1st period - Icing by Mason Marchment.
5:15 of 1st period - Adam Henrique wins face-off versus Mark Scheifele in Anaheim Ducks zone.
5:20 of 1st period - Snap shot by Adam Henrique.
5:20 of 1st period - Shot Blocked by Jakob Chychrun.
5:22 of 1st period - Slapshot by Alec Martinez.
5:22 of 1st period - Stopped by Linus Ullmark with a rebound.
5:28 of 1st period - Backhand shot by Kevin Fiala.
5:28 of 1st period - Stopped by Linus Ullmark with a rebound.
5:30 of 1st period - Backhand shot by Yegor Sharangovich.
5:30 of 1st period - Goal by Yegor Sharangovich - Anaheim Ducks : 0 - San Jose Sharks : 1.
5:31 of 1st period - Ryan Johansen wins face-off versus Nazem Kadri in neutral zone.
6:25 of 1st period - Snap shot by Alex Killorn.
6:25 of 1st period - Shot Blocked by Brandon Tanev.
6:37 of 1st period - Noel Acciari is hit by Brenden Dillon.
6:49 of 1st period - Backhand shot by Eeli Tolvanen.
6:49 of 1st period - Shot Misses the Net.
7:52 of 1st period - Snap shot by Kevin Fiala.
7:52 of 1st period - Stopped by Linus Ullmark with a rebound.
7:54 of 1st period - Wrist shot by Adam Henrique.
7:54 of 1st period - Stopped by Linus Ullmark with a rebound.
7:56 of 1st period - Slapshot by Kevin Fiala.
7:56 of 1st period - Deflect By Adam Henrique.
7:56 of 1st period - Shot Misses the Net.
7:56 of 1st period - Puck is out of play.
7:57 of 1st period - Ryan Johansen wins face-off versus John Tavares in Anaheim Ducks zone.
8:07 of 1st period - Minor Penalty to Joshua Morrissey for Roughing.
8:08 of 1st period - J.T. Compher wins face-off versus Ryan Johansen in Anaheim Ducks zone.
8:36 of 1st period - Brayden Schenn is hit by Adam Henrique and loses puck.
8:41 of 1st period - Snap shot by Kevin Fiala.
8:41 of 1st period - Deflect By Yegor Sharangovich.
8:41 of 1st period - Stopped by Linus Ullmark with a rebound.
8:43 of 1st period - Wrist shot by Kevin Fiala.
8:43 of 1st period - Goal by Kevin Fiala - Anaheim Ducks : 0 - San Jose Sharks : 2.
8:44 of 1st period - Nazem Kadri wins face-off versus Ryan Johansen in neutral zone.
8:51 of 1st period - Snap shot by Nazem Kadri.
8:51 of 1st period - Shot Misses the Net.
9:09 of 1st period - Nazem Kadri is hit by Adam Henrique and loses puck.
9:15 of 1st period - Icing by Esa Lindell.
9:16 of 1st period - Nazem Kadri wins face-off versus Adam Henrique in Anaheim Ducks zone.
9:21 of 1st period - Snap shot by Nazem Kadri.
9:21 of 1st period - Stopped by Stuart Skinner without a rebound.
9:22 of 1st period - Mark Scheifele wins face-off versus Max Domi in San Jose Sharks zone.
9:23 of 1st period - Wrist shot by Brayden Schenn.
9:23 of 1st period - Shot Blocked by Connor Murphy.
9:35 of 1st period - Wrist shot by Brayden Schenn.
9:35 of 1st period - Stopped by Stuart Skinner without a rebound.
9:36 of 1st period - Ryan Johansen wins face-off versus Nazem Kadri in San Jose Sharks zone.
9:43 of 1st period - Wrist shot by William Nylander.
9:43 of 1st period - Shot Misses the Net.
10:03 of 1st period - Sean Durzi is hit by Joshua Morrissey and loses puck.
10:57 of 1st period - Alexandre Texier is hit by Marcus Pettersson and loses puck.
11:20 of 1st period - Slapshot by Eeli Tolvanen.
11:20 of 1st period - Shot Misses the Net.
13:26 of 1st period - Wrist shot by William Nylander.
13:26 of 1st period - Shot Misses the Net.
13:28 of 1st period - Slapshot by William Nylander.
13:28 of 1st period - Shot Blocked by Alec Martinez.
13:30 of 1st period - Slapshot by John Tavares.
13:30 of 1st period - Deflect By William Nylander.
13:30 of 1st period - Shot Blocked by Alec Martinez.
13:30 of 1st period - Puck is out of play.
13:31 of 1st period - Nazem Kadri wins face-off versus Adam Henrique in San Jose Sharks zone.
13:34 of 1st period - Wrist shot by John Tavares.
13:34 of 1st period - Stopped by Stuart Skinner with a rebound.
13:40 of 1st period - Snap shot by Kevin Fiala.
13:40 of 1st period - Shot Blocked by William Nylander.
13:52 of 1st period - Minor Penalty to Nazem Kadri for Hooking.
13:53 of 1st period - Ryan Johansen wins face-off versus J.T. Compher in Anaheim Ducks zone.
14:06 of 1st period - Wrist shot by Jonathan Drouin.
14:06 of 1st period - Stopped by Linus Ullmark with a rebound.
14:08 of 1st period - Wrist shot by Marcus Pettersson.
14:08 of 1st period - Stopped by Linus Ullmark with a rebound.
15:52 of 1st period - Penalty to Nazem Kadri is over, Nazem Kadri is back on ice.
16:04 of 1st period - Snap shot by John Tavares.
16:04 of 1st period - Shot Misses the Net.
16:06 of 1st period - Slapshot by Brenden Dillon.
16:06 of 1st period - Shot Blocked by Alec Martinez.
16:08 of 1st period - Snap shot by John Tavares.
16:08 of 1st period - Stopped by Stuart Skinner without a rebound.
16:09 of 1st period - Noel Acciari wins face-off versus Alexey Toropchenko in San Jose Sharks zone.
16:09 of 1st period - Noel Acciari is hit by Alexey Toropchenko.
17:48 of 1st period - Adam Henrique is hit by Joshua Morrissey and loses puck.
18:44 of 1st period - J.T. Compher is hit by Ryan Johansen and loses puck.
18:51 of 1st period - Snap shot by Ryan Johansen.
18:51 of 1st period - Shot Misses the Net.
18:53 of 1st period - Slapshot by Marcus Pettersson.
18:53 of 1st period - Stopped by Linus Ullmark without a rebound.
18:54 of 1st period - Adam Henrique wins face-off versus Mark Scheifele in Anaheim Ducks zone.
19:06 of 1st period - Wrist shot by Kevin Fiala.
19:06 of 1st period - Stopped by Linus Ullmark with a rebound.
19:08 of 1st period - Snap shot by Connor Murphy.
19:08 of 1st period - Shot Blocked by Brayden Schenn.
19:10 of 1st period - Slapshot by Connor Murphy.
19:10 of 1st period - Shot Blocked by Brayden Schenn.
Goals for this period are 0 for Anaheim Ducks vs 2 for San Jose Sharks.
Shots for this period are 6 for Anaheim Ducks vs 13 for San Jose Sharks.
2nd period
0:01 of 2nd period - Mark Scheifele wins face-off versus Adam Henrique in neutral zone.
0:13 of 2nd period - Slapshot by Yegor Sharangovich.
0:13 of 2nd period - Deflect By Adam Henrique.
0:13 of 2nd period - Shot Misses the Net.
0:13 of 2nd period - Puck is out of play.
0:14 of 2nd period - Nazem Kadri wins face-off versus Ryan Johansen in Anaheim Ducks zone.
0:25 of 2nd period - Snap shot by William Nylander.
0:25 of 2nd period - Shot Blocked by Ryan Johansen.
0:41 of 2nd period - Esa Lindell is hit by Adam Henrique and loses puck.
0:50 of 2nd period - Wrist shot by Mark Scheifele.
0:50 of 2nd period - Stopped by Stuart Skinner with a rebound.
1:10 of 2nd period - Wrist shot by J.T. Compher.
1:10 of 2nd period - Shot Misses the Net.
1:56 of 2nd period - Icing by Ivan Provorov.
1:57 of 2nd period - Adam Henrique wins face-off versus Nazem Kadri in Anaheim Ducks zone.
1:58 of 2nd period - Wrist shot by Kevin Fiala.
1:58 of 2nd period - Shot Blocked by William Nylander.
2:06 of 2nd period - Snap shot by William Nylander.
2:06 of 2nd period - Stopped by Stuart Skinner with a rebound.
2:34 of 2nd period - Slapshot by William Nylander.
2:34 of 2nd period - Shot Misses the Net.
2:42 of 2nd period - Snap shot by Nazem Kadri.
2:42 of 2nd period - Stopped by Stuart Skinner without a rebound.
2:43 of 2nd period - Adam Henrique wins face-off versus Mark Scheifele in San Jose Sharks zone.
2:43 of 2nd period - Adam Henrique is hit by Joshua Morrissey.
2:53 of 2nd period - Snap shot by Kevin Fiala.
2:53 of 2nd period - Shot Misses the Net.
3:09 of 2nd period - Joshua Morrissey is hit by Max Domi and loses puck.
3:20 of 2nd period - Slapshot by Max Domi.
3:20 of 2nd period - Stopped by Linus Ullmark without a rebound.
3:21 of 2nd period - Ryan Johansen wins face-off versus Mark Scheifele in Anaheim Ducks zone.
3:22 of 2nd period - Snap shot by Jonathan Drouin.
3:22 of 2nd period - Shot Blocked by Brenden Dillon.
4:15 of 2nd period - Wrist shot by Luke Evangelista.
4:15 of 2nd period - Stopped by Stuart Skinner with a rebound.
4:17 of 2nd period - Slapshot by Luke Evangelista.
4:17 of 2nd period - Stopped by Stuart Skinner with a rebound.
4:42 of 2nd period - Snap shot by Brandon Tanev.
4:42 of 2nd period - Stopped by Linus Ullmark without a rebound.
4:43 of 2nd period - Ryan Johansen wins face-off versus Mark Scheifele in Anaheim Ducks zone.
4:50 of 2nd period - Wrist shot by Jonathan Drouin.
4:50 of 2nd period - Stopped by Linus Ullmark without a rebound.
4:51 of 2nd period - Ryan Johansen wins face-off versus Mark Scheifele in Anaheim Ducks zone.
5:02 of 2nd period - Wrist shot by Brayden Schenn.
5:02 of 2nd period - Stopped by Stuart Skinner with a rebound.
5:53 of 2nd period - Wrist shot by Yegor Sharangovich.
5:53 of 2nd period - Shot Blocked by Esa Lindell.
6:05 of 2nd period - Wrist shot by J.T. Compher.
6:05 of 2nd period - Shot Blocked by Noel Acciari.
6:13 of 2nd period - Snap shot by Ilya Mikheyev.
6:13 of 2nd period - Stopped by Linus Ullmark with a rebound.
6:22 of 2nd period - Off-side.
6:23 of 2nd period - Ryan Johansen wins face-off versus Alexandre Texier in neutral zone.
8:49 of 2nd period - Alexandre Texier is hit by Jonathan Drouin.
9:10 of 2nd period - Off-side.
9:11 of 2nd period - Nazem Kadri wins face-off versus Adam Henrique in neutral zone.
9:55 of 2nd period - Wrist shot by William Nylander.
9:55 of 2nd period - Stopped by Stuart Skinner without a rebound.
9:56 of 2nd period - Mark Scheifele wins face-off versus Max Domi in San Jose Sharks zone.
9:58 of 2nd period - Morgan Rielly beats up Max Domi.
9:58 of 2nd period - Penalty to Max Domi for Fighting.
9:58 of 2nd period - Penalty to Morgan Rielly for Fighting.
9:59 of 2nd period - Adam Henrique wins face-off versus Nazem Kadri in San Jose Sharks zone.
10:14 of 2nd period - Wrist shot by Kevin Fiala.
10:14 of 2nd period - Stopped by Linus Ullmark without a rebound.
10:15 of 2nd period - Mark Scheifele wins face-off versus Ilya Mikheyev in Anaheim Ducks zone.
10:22 of 2nd period - Snap shot by Mark Scheifele.
10:22 of 2nd period - Stopped by Stuart Skinner with a rebound.
10:24 of 2nd period - Snap shot by Mark Scheifele.
10:24 of 2nd period - Shot Blocked by Brandon Tanev.
10:26 of 2nd period - Snap shot by Mason Marchment.
10:26 of 2nd period - Stopped by Stuart Skinner without a rebound.
10:27 of 2nd period - Mark Scheifele wins face-off versus T.J. Oshie in San Jose Sharks zone.
10:48 of 2nd period - Minor Penalty to T.J. Oshie for Hooking.
10:49 of 2nd period - Adam Henrique wins face-off versus John Tavares in San Jose Sharks zone.
12:30 of 2nd period - Yegor Sharangovich is hit by Alex Killorn and loses puck.
12:48 of 2nd period - Penalty to T.J. Oshie is over, T.J. Oshie is back on ice.
13:27 of 2nd period - Wrist shot by T.J. Oshie.
13:27 of 2nd period - Shot Misses the Net.
13:55 of 2nd period - Snap shot by Luke Evangelista.
13:55 of 2nd period - Stopped by Stuart Skinner without a rebound.
13:56 of 2nd period - Noel Acciari wins face-off versus Chandler Stephenson in San Jose Sharks zone.
14:02 of 2nd period - Snap shot by Christopher Tanev.
14:02 of 2nd period - Stopped by Linus Ullmark without a rebound.
14:03 of 2nd period - Chandler Stephenson wins face-off versus Noel Acciari in Anaheim Ducks zone.
14:14 of 2nd period - Snap shot by Ivan Provorov.
14:14 of 2nd period - Stopped by Stuart Skinner without a rebound.
14:15 of 2nd period - Ryan Johansen wins face-off versus Nazem Kadri in San Jose Sharks zone.
14:41 of 2nd period - Jonathan Drouin is hit by J.T. Compher and loses puck.
14:58 of 2nd period - Alex Killorn is hit by Ryan Johansen and loses puck.
15:11 of 2nd period - Snap shot by Chandler Stephenson.
15:11 of 2nd period - Stopped by Stuart Skinner with a rebound.
15:27 of 2nd period - Snap shot by Matthew Knies.
15:27 of 2nd period - Stopped by Linus Ullmark with a rebound.
15:30 of 2nd period - Icing by Brenden Dillon.
15:31 of 2nd period - Chandler Stephenson wins face-off versus Max Domi in Anaheim Ducks zone.
16:03 of 2nd period - Wrist shot by Joshua Morrissey.
16:03 of 2nd period - Stopped by Stuart Skinner with a rebound.
16:45 of 2nd period - Wrist shot by Chandler Stephenson.
16:45 of 2nd period - Goal by Chandler Stephenson - Anaheim Ducks : 1 - San Jose Sharks : 2.
16:46 of 2nd period - Nazem Kadri wins face-off versus Max Domi in neutral zone.
16:53 of 2nd period - Wrist shot by William Nylander.
16:53 of 2nd period - Deflect By Nazem Kadri.
16:53 of 2nd period - Shot Blocked by Marcus Pettersson.
16:53 of 2nd period - Puck is out of play.
16:54 of 2nd period - Max Domi wins face-off versus William Nylander in San Jose Sharks zone.
17:43 of 2nd period - Off-side.
17:44 of 2nd period - Kevin Fiala wins face-off versus Mark Scheifele in neutral zone.
Goals for this period are 1 for Anaheim Ducks vs 0 for San Jose Sharks.
Shots for this period are 14 for Anaheim Ducks vs 7 for San Jose Sharks.
3rd period
0:01 of 3rd period - Adam Henrique wins face-off versus Nazem Kadri in neutral zone.
0:07 of 3rd period - Icing by William Nylander.
0:08 of 3rd period - Adam Henrique wins face-off versus Nazem Kadri in Anaheim Ducks zone.
0:09 of 3rd period - Slapshot by Kevin Fiala.
0:09 of 3rd period - Deflect By Joshua Morrissey.
0:09 of 3rd period - Stopped by Linus Ullmark with a rebound.
0:11 of 3rd period - Snap shot by Kevin Fiala.
0:11 of 3rd period - Deflect By William Nylander.
0:11 of 3rd period - Shot Blocked by John Tavares.
0:11 of 3rd period - Puck is out of play.
0:12 of 3rd period - Nazem Kadri wins face-off versus Kevin Fiala in Anaheim Ducks zone.
0:12 of 3rd period - Nazem Kadri is hit by Kevin Fiala.
0:18 of 3rd period - Snap shot by Joshua Morrissey.
0:18 of 3rd period - Stopped by Stuart Skinner without a rebound.
0:19 of 3rd period - Adam Henrique wins face-off versus Nazem Kadri in San Jose Sharks zone.
0:28 of 3rd period - Slapshot by Nazem Kadri.
0:28 of 3rd period - Stopped by Stuart Skinner without a rebound.
0:29 of 3rd period - Mark Scheifele wins face-off versus Max Domi in San Jose Sharks zone.
0:42 of 3rd period - Snap shot by T.J. Oshie.
0:42 of 3rd period - Stopped by Linus Ullmark without a rebound.
0:43 of 3rd period - Nazem Kadri wins face-off versus Adam Henrique in Anaheim Ducks zone.
0:50 of 3rd period - Snap shot by Kevin Fiala.
0:50 of 3rd period - Shot Misses the Net.
0:52 of 3rd period - Slapshot by Connor Murphy.
0:52 of 3rd period - Deflect By Kevin Fiala.
0:52 of 3rd period - Shot Misses the Net.
0:52 of 3rd period - Puck is out of play.
0:53 of 3rd period - William Nylander wins face-off versus Adam Henrique in Anaheim Ducks zone.
1:01 of 3rd period - Off-side.
1:02 of 3rd period - Max Domi wins face-off versus Mark Scheifele in neutral zone.
1:27 of 3rd period - Connor Murphy is hit by John Tavares and loses puck.
2:12 of 3rd period - Off-side.
2:13 of 3rd period - Mark Scheifele wins face-off versus Ryan Johansen in neutral zone.
2:27 of 3rd period - Snap shot by Jonathan Drouin.
2:27 of 3rd period - Stopped by Linus Ullmark with a rebound.
2:29 of 3rd period - Wrist shot by Matthew Knies.
2:29 of 3rd period - Shot Misses the Net.
2:31 of 3rd period - Slapshot by Jonathan Drouin.
2:31 of 3rd period - Goal by Jonathan Drouin - Anaheim Ducks : 1 - San Jose Sharks : 3.
2:32 of 3rd period - Max Domi wins face-off versus Nazem Kadri in neutral zone.
2:34 of 3rd period - Off-side.
2:35 of 3rd period - Nazem Kadri wins face-off versus Max Domi in neutral zone.
2:41 of 3rd period - Off-side.
2:42 of 3rd period - Nazem Kadri wins face-off versus Max Domi in neutral zone.
3:02 of 3rd period - Wrist shot by Max Domi.
3:02 of 3rd period - Stopped by Linus Ullmark with a rebound.
3:04 of 3rd period - Snap shot by Sean Durzi.
3:04 of 3rd period - Shot Blocked by William Nylander.
3:06 of 3rd period - Snap shot by T.J. Oshie.
3:06 of 3rd period - Shot Blocked by John Tavares.
3:08 of 3rd period - Wrist shot by Max Domi.
3:08 of 3rd period - Shot Misses the Net.
3:10 of 3rd period - Wrist shot by Brandon Tanev.
3:10 of 3rd period - Stopped by Linus Ullmark without a rebound.
3:11 of 3rd period - Adam Henrique wins face-off versus Mark Scheifele in Anaheim Ducks zone.
3:29 of 3rd period - Icing by Adam Henrique.
3:30 of 3rd period - Nazem Kadri wins face-off versus Adam Henrique in San Jose Sharks zone.
3:57 of 3rd period - Marcus Pettersson is hit by Alex Killorn and loses puck.
4:10 of 3rd period - Wrist shot by Adam Henrique.
4:10 of 3rd period - Shot Blocked by J.T. Compher.
4:12 of 3rd period - Slapshot by Yegor Sharangovich.
4:12 of 3rd period - Shot Blocked by Ivan Provorov.
4:14 of 3rd period - Snap shot by Yegor Sharangovich.
4:14 of 3rd period - Shot Blocked by Morgan Rielly.
4:24 of 3rd period - Snap shot by Kevin Fiala.
4:24 of 3rd period - Shot Misses the Net.
4:26 of 3rd period - Wrist shot by Yegor Sharangovich.
4:26 of 3rd period - Stopped by Linus Ullmark without a rebound.
4:27 of 3rd period - Max Domi wins face-off versus Mark Scheifele in Anaheim Ducks zone.
4:28 of 3rd period - Slapshot by T.J. Oshie.
4:28 of 3rd period - Shot Misses the Net.
4:30 of 3rd period - Snap shot by T.J. Oshie.
4:30 of 3rd period - Stopped by Linus Ullmark without a rebound.
4:31 of 3rd period - Max Domi wins face-off versus Mark Scheifele in Anaheim Ducks zone.
4:32 of 3rd period - Snap shot by T.J. Oshie.
4:32 of 3rd period - Shot Blocked by Esa Lindell.
4:34 of 3rd period - Slapshot by Sean Durzi.
4:34 of 3rd period - Stopped by Linus Ullmark without a rebound.
4:35 of 3rd period - Mark Scheifele wins face-off versus Max Domi in Anaheim Ducks zone.
4:35 of 3rd period - Mark Scheifele is hit by Max Domi.
4:47 of 3rd period - Snap shot by T.J. Oshie.
4:47 of 3rd period - Stopped by Linus Ullmark with a rebound.
4:59 of 3rd period - Wrist shot by T.J. Oshie.
4:59 of 3rd period - Stopped by Linus Ullmark with a rebound.
5:01 of 3rd period - Snap shot by Max Domi.
5:01 of 3rd period - Shot Blocked by Mason Marchment.
5:03 of 3rd period - Wrist shot by T.J. Oshie.
5:03 of 3rd period - San Jose Sharks goal is going for a video replay.
5:03 of 3rd period - The goal is good.
5:03 of 3rd period - Goal by T.J. Oshie - Anaheim Ducks : 1 - San Jose Sharks : 4.
5:04 of 3rd period - Nazem Kadri wins face-off versus Ryan Johansen in neutral zone.
5:06 of 3rd period - Minor Penalty to Joshua Morrissey for Hooking.
5:07 of 3rd period - Ryan Johansen wins face-off versus J.T. Compher in Anaheim Ducks zone.
7:06 of 3rd period - Penalty to Joshua Morrissey is over, Joshua Morrissey is back on ice.
7:17 of 3rd period - Wrist shot by Ilya Mikheyev.
7:17 of 3rd period - Stopped by Linus Ullmark with a rebound.
7:19 of 3rd period - Slapshot by Eeli Tolvanen.
7:19 of 3rd period - Shot Misses the Net.
7:23 of 3rd period - Wrist shot by Eeli Tolvanen.
7:23 of 3rd period - Shot Misses the Net.
7:48 of 3rd period - Morgan Rielly is hit by Christopher Tanev and loses puck.
7:59 of 3rd period - Sean Durzi is hit by Alexey Toropchenko and loses puck.
8:10 of 3rd period - Wrist shot by Luke Evangelista.
8:10 of 3rd period - Stopped by Stuart Skinner without a rebound.
8:11 of 3rd period - Ryan Johansen wins face-off versus William Nylander in San Jose Sharks zone.
8:35 of 3rd period - Brenden Dillon is hit by Dmitry Orlov and loses puck.
8:46 of 3rd period - Wrist shot by Kevin Fiala.
8:46 of 3rd period - Stopped by Linus Ullmark with a rebound.
9:11 of 3rd period - Snap shot by Luke Evangelista.
9:11 of 3rd period - Shot Misses the Net.
9:13 of 3rd period - Snap shot by Joshua Morrissey.
9:13 of 3rd period - Stopped by Stuart Skinner with a rebound.
9:15 of 3rd period - Slapshot by Brenden Dillon.
9:15 of 3rd period - Stopped by Stuart Skinner with a rebound.
9:17 of 3rd period - Slapshot by Luke Evangelista.
9:17 of 3rd period - Shot Misses the Net.
9:19 of 3rd period - Slapshot by Alexey Toropchenko.
9:19 of 3rd period - Stopped by Stuart Skinner without a rebound.
9:20 of 3rd period - Ryan Johansen wins face-off versus Mark Scheifele in San Jose Sharks zone.
9:45 of 3rd period - Brenden Dillon is hit by T.J. Oshie and loses puck.
10:54 of 3rd period - Jonathan Drouin is hit by William Nylander and loses puck.
11:03 of 3rd period - Nazem Kadri is hit by Marcus Pettersson.
12:01 of 3rd period - Ryan Johansen is hit by Brayden Schenn and loses puck.
12:58 of 3rd period - Adam Henrique is hit by Mason Marchment and loses puck.
13:56 of 3rd period - Wrist shot by Ilya Mikheyev.
13:56 of 3rd period - Stopped by Linus Ullmark with a rebound.
13:58 of 3rd period - Snap shot by Eeli Tolvanen.
13:58 of 3rd period - Deflect By Ilya Mikheyev.
13:58 of 3rd period - Shot Blocked by Alex Killorn.
13:58 of 3rd period - Puck is out of play.
13:59 of 3rd period - Noel Acciari wins face-off versus Nazem Kadri in Anaheim Ducks zone.
14:26 of 3rd period - Esa Lindell is hit by Sean Durzi and loses puck.
14:33 of 3rd period - Snap shot by Ilya Mikheyev.
14:33 of 3rd period - Shot Misses the Net.
14:43 of 3rd period - Snap shot by William Nylander.
14:43 of 3rd period - Shot Blocked by Sean Durzi.
14:45 of 3rd period - Snap shot by William Nylander.
14:45 of 3rd period - Stopped by Stuart Skinner with a rebound.
14:47 of 3rd period - Snap shot by Esa Lindell.
14:47 of 3rd period - Shot Misses the Net.
15:23 of 3rd period - Snap shot by Eeli Tolvanen.
15:23 of 3rd period - Stopped by Linus Ullmark with a rebound.
15:31 of 3rd period - Wrist shot by Nazem Kadri.
15:31 of 3rd period - Stopped by Stuart Skinner without a rebound.
15:32 of 3rd period - Mark Scheifele wins face-off versus Ryan Johansen in San Jose Sharks zone.
15:35 of 3rd period - Snap shot by Brayden Schenn.
15:35 of 3rd period - Stopped by Stuart Skinner with a rebound.
15:37 of 3rd period - Wrist shot by Mark Scheifele.
15:37 of 3rd period - Stopped by Stuart Skinner without a rebound.
15:38 of 3rd period - Ryan Johansen wins face-off versus Mark Scheifele in San Jose Sharks zone.
15:43 of 3rd period - Snap shot by Brayden Schenn.
15:43 of 3rd period - Shot Hit the Post.
15:45 of 3rd period - Wrist shot by Brayden Schenn.
15:45 of 3rd period - Deflect By Mark Scheifele.
15:45 of 3rd period - Shot Blocked by Connor Murphy.
15:45 of 3rd period - Puck is out of play.
15:46 of 3rd period - Adam Henrique wins face-off versus Mark Scheifele in San Jose Sharks zone.
16:11 of 3rd period - Jonathan Drouin is hit by Chandler Stephenson and loses puck.
16:28 of 3rd period - Minor Penalty to Connor Murphy for Interference.
16:29 of 3rd period - John Tavares wins face-off versus Ryan Johansen in San Jose Sharks zone.
16:54 of 3rd period - Nazem Kadri is hit by Sean Durzi and loses puck.
17:17 of 3rd period - Icing by Ivan Provorov.
17:18 of 3rd period - Ryan Johansen wins face-off versus Alex Killorn in Anaheim Ducks zone.
18:06 of 3rd period - Snap shot by Mark Scheifele.
18:06 of 3rd period - Shot Misses the Net.
18:08 of 3rd period - Slapshot by Morgan Rielly.
18:08 of 3rd period - Shot Blocked by Yegor Sharangovich.
18:10 of 3rd period - Snap shot by Mark Scheifele.
18:10 of 3rd period - Shot Misses the Net.
18:12 of 3rd period - Wrist shot by Alex Killorn.
18:12 of 3rd period - Stopped by Stuart Skinner without a rebound.
18:13 of 3rd period - Kevin Fiala wins face-off versus John Tavares in San Jose Sharks zone.
18:18 of 3rd period - Snap shot by Christopher Tanev.
18:18 of 3rd period - Deflect By Kevin Fiala.
18:18 of 3rd period - Shot Blocked by Joshua Morrissey.
18:18 of 3rd period - Puck is out of play.
18:19 of 3rd period - John Tavares wins face-off versus Adam Henrique in Anaheim Ducks zone.
18:28 of 3rd period - Penalty to Connor Murphy is over, Connor Murphy is back on ice.
18:30 of 3rd period - Snap shot by William Nylander.
18:30 of 3rd period - Stopped by Stuart Skinner without a rebound.
18:31 of 3rd period - Adam Henrique wins face-off versus Alexandre Texier in San Jose Sharks zone.
18:43 of 3rd period - Snap shot by Yegor Sharangovich.
18:43 of 3rd period - Shot Blocked by Joshua Morrissey.
19:38 of 3rd period - Eeli Tolvanen is hit by J.T. Compher and loses puck.
19:51 of 3rd period - J.T. Compher is hit by Noel Acciari and loses puck.
Goals for this period are 0 for Anaheim Ducks vs 2 for San Jose Sharks.
Shots for this period are 12 for Anaheim Ducks vs 16 for San Jose Sharks.
Back to the Top